Cogmind - Beta 14 *** ADVENTURER MODE // 2024.09.14 @ 21:56:57 Player: Keheck Result: Self-destructed Performance ------------- Evolutions (1) 500 Regions Visited (3) 600 Robots Destroyed (9) 45 Value Destroyed (162) 162 Prototype IDs (3) 60 Alien Tech Used (0) 0 Bonus (0) 0 TOTAL SCORE: 1367 Bonus ------- None Cogmind --------- Core Integrity 354/400 Matter 300/300 Energy 294/350 System Corruption 1% Temperature Cool (0) Movement Rolling (80) Location -9/Mines Parts ------- > --- POWER (2) -------- Ion Engine > --- PROPULSION (2) --- Wheel Wheel > --- UTILITY (2) ------ Heat Sink Small Battery > --- WEAPON (3) ------- Small Laser Particle Cannon Autogun > --- INVENTORY (5) ---- Light Ion Engine Shield Generator Assault Rifle Shotgun Peak State ------------ > --- POWER ------------ Ion Engine > --- PROPULSION ------- Wheel Wheel > --- UTILITY ---------- Heat Sink Small Battery > --- WEAPON ----------- Small Laser Particle Cannon Autogun > --- INVENTORY -------- Light Ion Engine Shield Generator Assault Rifle Shotgun [Rating: 10] Favorites ----------- Power Ion Engine Engine Ion Engine Propulsion Wheel Wheel Wheel Utility Heat Sink Device Heat Sink Storage Small Battery Weapon Small Laser Energy Gun Small Laser Energy Cannon Particle Cannon Ballistic Gun Assault Rifle Build | -11 -10 -9 -9 ------- Run | Yrd Mat Mat Min Slots Evolved 2 | . . 2 . Power 1 | . . 1 . Propulsion . | . . . . Utility . | . . . . Weapon 1 | . . 1 . Parts Attached 11 | 7 1 1 2 Power 2 | 2 . . . Engine 2 | 2 . . . Core . | . . . . Reactor . | . . . . Propulsion 3 | 2 . . 1 Treads . | . . . . Leg . | . . . . Wheel 3 | 2 . . 1 Hover . | . . . . Flight . | . . . . Utility 2 | 1 1 . . Device 1 | 1 . . . Storage 1 | . 1 . . Processor . | . . . . Hackware . | . . . . Protection . | . . . . Artifact . | . . . . Weapon 4 | 2 . 1 1 Energy Gun 1 | 1 . . . Energy Cannon 1 | . . 1 . Ballistic Gun 2 | 1 . . 1 Ballistic Cannon . | . . . . Launcher . | . . . . Special Weapon . | . . . . Impact Weapon . | . . . . Slashing Weapon . | . . . . Piercing Weapon . | . . . . Special Melee Weapon . | . . . . Unidentified Prototypes . | . . . . Parts Lost . | . . . . Power . | . . . . Propulsion . | . . . . Utility . | . . . . Weapon . | . . . . Highest Loss Streak . | . . . . To Critical Strikes . | . . . . Average Slot Usage (%) 86 | . 91 80 88 Engine 12 | . 14 11 11 Wheel 25 | . 28 22 22 Device 12 | . 14 11 11 Storage 8 | . 5 11 11 Energy Gun 12 | . 14 11 11 Energy Cannon 2 | . . 3 11 Ballistic Gun 12 | . 14 11 11 Peak Build Rating 10 | 6 7 9 10 Average Rating 6 | 3 6 7 9 On Entrance 5 | . 6 7 9 Naked Turns . | . . . . Heaviest Build 15 | 9 10 14 15 Greatest Support 20 | 20 20 20 20 Greatest Overweight (x) 1 | . . 1 1 Average Overweight (x) . | . . . . Largest Inventory Capacity 5 | 5 5 5 5 Average Capacity 5 | 5 5 5 5 Most Carried 5 | 2 5 5 5 Average Carried 4 | . 4 4 4 Final Capacity 5 | 5 5 5 5 Final Carried 5 | 1 5 4 4 Class Distribution -------------------- 83% | Mutant 16% | Gunner Dominant Class ---------------- Mutant | -10/Materials Mutant | -9/Materials Gunner | -9/Mines Resources | -11 -10 -9 -9 ----------- Run | Yrd Mat Mat Min Matter Collected 408 | 253 66 34 55 Remotely . | . . . . Salvage Created 324 | 50 133 46 95 Parts 19 | 3 12 4 . Haulers Intercepted . | . . . . Recyclers Shooed . | . . . . Parts Field Recycled . | . . . . Retrieved Matter . | . . . . Parts Self-Destructed . | . . . . Prevented . | . . . . Kills | -11 -10 -9 -9 ------- Run | Yrd Mat Mat Min Combat Hostiles Destroyed 19 | 1 5 3 10 Guns 16 | 1 5 3 7 Cannons 3 | . . . 3 Classes Destroyed 3 | 1 1 . 1 Swarmer 6 | . 3 3 . Grunt 3 | 1 2 . . Assembled 10 | . . . 10 Best Kill Streak 10 | 1 3 3 10 Combat Bots Only 10 | 1 3 3 10 Max Kills in Single Turn 2 | 1 1 1 2 Gunslinging . | . . . . Exploded . | . . . . Melee . | . . . . Uniques/NPCs Destroyed . | . . . . Combat | -11 -10 -9 -9 -------- Run | Yrd Mat Mat Min Hostile Shots Fired 54 | 1 14 33 6 Missed 17 | 1 6 10 . Damage Taken 260 | . 55 129 76 Core 59 | . 13 20 26 Absorbed by Shields . | . . . . Ignored by Resistances 88 | . 18 47 23 Core Remaining (%) 97 | 100 94 . . Volleys Fired 31 | 1 12 8 10 Largest 3 | 2 2 3 3 Hottest 131 | 60 60 128 131 Shots Fired 68 | 2 24 16 26 Gun 61 | 2 24 15 20 Cannon 7 | . . 1 6 Launcher . | . . . . Special . | . . . . Kinetic 31 | 1 12 8 10 Thermal 37 | 1 12 8 16 Explosive . | . . . . Electromagnetic . | . . . . Robot Hit Streak 13 | 2 11 13 5 Robot Miss Streak 3 | . 3 2 2 Penetration Max . | . . . . Secondary Targets 1 | . . 1 . Max Gunslinging Chain 1 | . . 1 . Shots Hit Robots 42 | 2 14 12 14 Core Hits 28 | 2 7 4 15 Critical Kills . | . . . . Critical Parts Destroyed . | . . . . Critical Strikes . | . . . . Melee Attacks . | . . . . Impact . | . . . . Slashing . | . . . . Piercing . | . . . . Sneak Attacks . | . . . . Combat Hostiles . | . . . . Follow-up Attacks . | . . . . Damage Inflicted 597 | 25 162 144 266 Guns 494 | 25 162 144 163 Cannons 103 | . . . 103 Explosions . | . . . . Melee . | . . . . Ramming . | . . . . Kinetic 242 | 15 74 78 75 Thermal 355 | 10 88 66 191 Explosive . | . . . . Electromagnetic . | . . . . Impact . | . . . . Slashing . | . . . . Piercing . | . . . . Highest Corruption 1 | . . 1 1 Average Corruption 1 | . . 1 1 Corruption Purged . | . . . . Corruption Blocked . | . . . . Effects 1 | . . . 1 Energy Discharges 1 | . . . 1 Overload Shots . | . . . . Overflow Damage . | . . . . Projectiles . | . . . . Explosions . | . . . . Melee . | . . . . Knockbacks . | . . . . Impact . | . . . . Kinetic . | . . . . Secondary . | . . . . Self-Inflicted Damage . | . . . . Shots . | . . . . Rammed . | . . . . Targets Rammed . | . . . . Kicked . | . . . . Crushed . | . . . . Highest Temperature 202 | . . 27 202 Average Temperature 84 | . . 18 91 Received Heat Transfer 144 | . 18 6 120 Siege Activations . | . . . . Robots Corrupted . | . . . . Combat Hostiles . | . . . . Parts Fried . | . . . . Impact Corruptions . | . . . . Robots Melted . | . . . . Combat Hostiles . | . . . . Parts Melted . | . . . . Heat Transferred 760 | 25 200 150 385 Parts Sabotaged . | . . . . Parts Stolen . | . . . . Parts Stripped . | . . . . Power Chain Reactions . | . . . . Alert | -11 -10 -9 -9 ------- Run | Yrd Mat Mat Min Peak Influence 149 | 20 139 149 48 Initial 49 | . 11 49 48 Average 66 | 4 73 86 48 Maximum Alert Level . | . . . . Low Security (%) 100 | 100 100 100 100 Level 1 . | . . . . Level 2 . | . . . . Level 3 . | . . . . Level 4 . | . . . . Level 5 . | . . . . High Security . | . . . . Max Security . | . . . . Squads Dispatched 2 | . 1 1 . Investigation 2 | . 1 1 . Extermination . | . . . . Reinforcement . | . . . . Assault . | . . . . Garrison . | . . . . Intercept . | . . . . Searches Triggered . | . . . . Construction Impeded . | . . . . Haulers Reinforced . | . . . . Active Scanning Responses . | . . . . Cargo Convoy Interrupts . | . . . . Stealth | -11 -10 -9 -9 --------- Run | Yrd Mat Mat Min Distress Signals 1 | . . 1 . Communications Jammed . | . . . . Distress Signals . | . . . . Times Spotted 33 | 1 7 12 13 Peak Tracking Total 20 | 1 3 8 20 Tactical Retreats 1 | . . . 1 Traps | -11 -10 -9 -9 ------- Run | Yrd Mat Mat Min Traps Triggered 2 | . 1 1 . Indirectly . | . . . . Trap Hack Attempts . | . . . . Triggered . | . . . . Disarmed . | . . . . Reprogrammed . | . . . . Reused . | . . . . Traps Extracted . | . . . . Installed . | . . . . Triggered . | . . . . Machines | -11 -10 -9 -9 ---------- Run | Yrd Mat Mat Min Machines Disabled . | . . . . Max in Single Turn . | . . . . Machines Repaired . | . . . . Machines Dismantled . | . . . . Machines Sabotaged . | . . . . Overloaded Fab Kills . | . . . . Hacking | -11 -10 -9 -9 --------- Run | Yrd Mat Mat Min Machines Accessed 4 | . 2 2 . Terminals 3 | . 2 1 . Fabricators . | . . . . Repair Stations 1 | . . 1 . Recycling Units . | . . . . Scanalyzers . | . . . . Garrison Access . | . . . . Total Hacks 13 | . 5 8 . Successful 10 | . 4 6 . Failed 3 | . 1 2 . Catastrophic 1 | . . 1 . Database Lockouts . | . . . . Manual . | . . . . Terminals 10 | . 5 5 . Fabricators . | . . . . Repair Stations 3 | . . 3 . Recycling Units . | . . . . Scanalyzers . | . . . . Garrison Access . | . . . . Terminal Hacks 8 | . 4 4 . Record 4 | . . 4 . Prototype ID Bank 2 | . 2 . . Hauler Manifests 1 | . 1 . . Zone Layout 1 | . 1 . . Fabricator Hacks . | . . . . Repair Station Hacks 2 | . . 2 . Scan Component 2 | . . 2 . Recycling Unit Hacks . | . . . . Scanalyzer . | . . . . Garrison Access Hacks . | . . . . Unauthorized Hacks . | . . . . Terminals . | . . . . Fabricators . | . . . . Repair Stations . | . . . . Recycling Units . | . . . . Scanalyzers . | . . . . Garrison Access . | . . . . Data Cores Recovered . | . . . . Used . | . . . . Hacking Detections 4 | . 2 2 . Full Trace Events 1 | . . 1 . Feedback Events . | . . . . Feedback Blocked . | . . . . Robot Schematics Acquired . | . . . . Robots Built . | . . . . Authchips . | . . . . Time . | . . . . Total Robot Build Rating . | . . . . Part Schematics Acquired . | . . . . Parts Built . | . . . . Authchips . | . . . . Time . | . . . . Total Part Build Rating . | . . . . Parts Repaired . | . . . . Time . | . . . . Parts Recycled . | . . . . Recycled Matter . | . . . . Retrieved Matter . | . . . . Retrieved Components . | . . . . Parts Scanalyzed . | . . . . Part Schematics Acquired . | . . . . Parts Damaged . | . . . . Bothacking | -11 -10 -9 -9 ------------ Run | Yrd Mat Mat Min Used RIF Installer . | . . . . Robots Hacked . | . . . . Non-combat . | . . . . Combat . | . . . . Robot Hacks Applied . | . . . . Relay Couplers Released . | . . . . Fabnet Peak Effective % . | . . . . Robots Rewired . | . . . . Allies Hacked . | . . . . Hacks Repelled . | . . . . Allies | -11 -10 -9 -9 -------- Run | Yrd Mat Mat Min Total Allies . | . . . . Largest Group . | . . . . Highest-Rated Group . | . . . . Highest-Rated Ally . | . . . . Total Orders . | . . . . Ally Attacks . | . . . . Total Damage . | . . . . Kills . | . . . . Allies Corrupted . | . . . . Allies Melted . | . . . . Intel | -11 -10 -9 -9 ------- Run | Yrd Mat Mat Min Robot Analysis Total . | . . . . Derelict Logs Recovered . | . . . . Drone Launches . | . . . . Drone Recoveries . | . . . . Exploration | -11 -10 -9 -9 ------------- Run | Yrd Mat Mat Min Turns Passed 492 | 66 213 171 42 Spaces Moved 466 | 67 215 176 8 Core 16 | 16 . . . Treads . | . . . . Legs . | . . . . Wheels 450 | 51 215 176 8 Hover . | . . . . Flight . | . . . . Fastest Speed 50 | 50 80 80 80 Average Speed 80 | 72 80 83 85 Slowest Speed 95 | 80 80 95 95 Overloaded Moves . | . . . . Propulsion Burnouts . | . . . . Robots Hopped . | . . . . Cave-ins Triggered . | . . . . Exploration Rate (%) 16 | 5 34 22 5 Regions Visited 3 Branch Regions 1 Pre-discovered Areas . | . . . . Known Exits Taken . | . . . . Unknown Exits Taken 3 | 1 1 1 . Scrap Searched . | . . . . Spaces Dug . | . . . . Terrain Destroyed . | . . . . Melee . | . . . . Projectile . | . . . . AOE . | . . . . Terrain Rammed . | . . . . Walls Destroyed . | . . . . Machines Disabled . | . . . . Actions | -11 -10 -9 -9 --------- Run | Yrd Mat Mat Min Total 520 | 82 231 184 23 Wait . | . . . . Move 463 | 66 214 175 8 Hop . | . . . . Pick Up 12 | 7 4 . 1 Fast Attach 1 | . 1 . . Attach 10 | 7 . 1 2 Detach 2 | 1 . . 1 Swap . | . . . . Drop 1 | . . . 1 Fire 31 | 1 12 8 10 Melee . | . . . . Ram . | . . . . Kick . | . . . . Crush . | . . . . Escape Stasis . | . . . . Rewire . | . . . . Trap . | . . . . Miscellaneous . | . . . . Route ------- -11/Scrapyard -10/Materials -9/Materials -9/Mines History --------- Turn | Location | Event 2 | -11/Scrapyard | Met Revision 17 50 | -11/Scrapyard | Discovered new exit (range 8) 67 | -11/Scrapyard | Entered Materials 196 | -10/Materials | Discovered new exit (range 9) 280 | -10/Materials | Entered another Materials area 280 | -9/Materials | Evolved 2 slots: Power x1, Weapon x1 306 | -9/Materials | Build established: Mutant 446 | -9/Materials | Discovered new exit (range 6) 451 | -9/Materials | Entered Mines 452 | -9/Mines | Assembled infested the area 493 | -9/Mines | Self-destructed Last Messages --------------- K-01 Serf collects debris. Acquired 15 matter. Dropped Broken Wheel. K-01 Serf collects debris. Acquired Wheel. as-66595 destroyed. K-01 Serf collects debris. as-18555 destroyed. K-01 Serf collects debris. as-19644 destroyed. System corrupted: Energy discharge (-125). K-01 Serf collects debris. Acquired 12 matter. Acquired 10 matter. Acquired 4 matter. K-01 Serf collects debris. as-41995 destroyed. Acquired 4 matter. K-01 Serf collects debris. U-05 Engineer builds a Wall. Map ----- +----------------------------------------------------+ | ??????????????????????????????????????? | | ??????????????????????????????????????? | | ??????????????????????????????????????? | | ??????????????????????????????????????? | | ??????????????????????????????????????? | | ??????????????????????????????????????? | | ??????????????????????????????????????? | | ??????????????????????????????????????? | | ??????????????????????????????????????? | | ??????????????????????????????????????? | | ??????????????????????????????????????? | | ??????????????????????????????????????? | | ??????????????????????????????????????? | | ??????????????????????????????????????? | | ??????????????????????????????????????? | | ??????????????????????????????????????? | | ??????????????????????????????????????? | | ??????????????????????????????????????? | | ??????????????????????????????????????? | | ??????????????????????????????????????? | | ????????????????????????###???????????? | | ???????????????????????? #???????????? | | ????????????????????????# #?#########?? | | ???????????????????????## #?# #?? | | ??????????????????????## ###%k #?? | | ??????????????????????# @%% #?? | | ??????????????????????# ##= #?? | | ????????????????????# % # #?? | | ???????????????????# <% % # #?? | | ???????????????????## ! ##########?? | | ???????????????????# =*=]!##??????????? | | ???????????????????# #%%%*???????????? | | ???????????????????# !=u###???????????? | | ?????????????????? =%!??????????????? | | ?????????????????# #####??????????????? | | ?????????????????# ???????????????????? | | ?????????????????#????????????????????? | | ??????????????????????????????????????? | | ??????????????????????????????????????? | | ??????????????????????????????????????? | | ??????????????????????????????????????? | | ??????????????????????????????????????? | | ??????????????????????????????????????? | | ??????????????????????????????????????? | | ??????????????????????????????????????? | | ??????????????????????????????????????? | | ??????????????????????????????????????? | | ??????????????????????????????????????? | | ??????????????????????????????????????? | | ??????????????????????????????????????? | +----------------------------------------------------+ Best States ------------- Heat Dissipation 38 Energy Generation 10 Energy Capacity 350 Matter Stores 300 Matter Capacity 300 Sight Range 16 Terrain Scan Density 10 Resistance: KI 20 Resistance: TH 20 Resistance: EX 20 Resistance: EM 20 Resistance: I 20 Resistance: S 20 Resistance: P 20 Evasion (%) 50 Offensive Hacking 10 Item Schematics ----------------- None Robot Schematics ------------------ None Fabricated ------------ Nothing Alien Tech Used ----------------- None Achievements -------------- Hunted Challenges ------------ None Game ------ Seed FissionCobblerCharge Manual? 0 Play Time 00:10:54 Cumulative 1.6 hours Start 2024.08.10 @ 23:08:01 End 2024.09.14 @ 21:56:57 Sessions 3 Manual Loads 0 Difficulty Adventurer Special Mode None Game No. 3 Rogue 0 Adventurer 3 Explorer 0 Win Type - Total 0 Types 0/0/0/0/0/0/0/0/0 Lore% 1 Gallery% 2 Achievement% 5 Wizard Run 0 Options --------- Layout 1 ASCII 0 Keyboard 0 Movement Mouse Keybinds 0 Fullscreen 1 Font 24/Smallcaps Map View 50x35 Zoom Use 0% Tactical HUD 0 Map Filters NONE Filters NONE Steam 1 RUN: 0a9998ef-49c5-4dcb-97cf-4ac4ebc82afa